 Dungeon Crawl Stone Soup version 0.30.0-5-g1a98f26d00 (webtiles) character file.

Game seed: 15080428981276925843

1 Kass the Sneak (level 1, -2/9 HPs)
             Began as a Spriggan Enchanter on May 12, 2023.
             Frozen to death by an endoplasm (5 damage)
             ... on level 1 of the Dungeon.
             The game lasted 00:00:30 (37 turns).

Kass the Sneak (Spriggan Enchanter)                   Turns: 37, Time: 00:00:30

Health: -2/9       AC:  2    Str:  4    XL:     1   Next: 16%
Magic:  5/5        EV: 17    Int: 16    God:
Gold:   0          SH:  0    Dex: 15    Spells: 5/5 levels left

rFire   . . .        a - +1 dagger
rCold   . . .        (no shield)
rNeg    . . .        b - +0 robe
rPois   .            (helmet restricted)
rElec   .            (no cloak)
rCorr   .            (gloves unavailable)
SInv    +            (boots unavailable)
Will    .....        (no amulet)
Stlth   +++          (no ring)
HPRegen 0.21/turn    (no ring)
MPRegen 0.09/turn

%: no passive effects
@: very quick
A: very small, no large weapons, unfitting armour, see invisible, speed 3
a: no special abilities


You were on level 1 of the Dungeon.
You visited 1 branch of the dungeon, and saw 1 of its levels.

Inventory:

Hand Weapons
 a - a +1 dagger (weapon)
Armour
 b - a +0 robe (worn)
Potions
 c - 2 potions of invisibility


   Skills:
 - Level 1.1 Short Blades
 + Level 2.7 Dodging
 + Level 4.4 Stealth
 - Level 2.6 Spellcasting
 + Level 3.7 Hexes


You had 5 spell levels left.
You didn't know any spells.
Your spell library contained the following spells:

 Spells                   Type           Power      Damage    Failure   Level
 Confusing Touch          Hex            13%        N/A       13%         3
 Tukima's Dance           Hex            13%        N/A       13%         3
 Ensorcelled Hibernation  Hex/Ice        16%        N/A       14%         2
 Dazzling Flash           Conj/Hex       16%        N/A       26%         3


Dungeon Overview and Level Annotations

Branches:
Dungeon (1/15)

Altars:


Innate Abilities, Weirdness & Mutations

You are very small and have problems with some larger weapons.
You are too small for most types of armour.
You have supernaturally acute eyesight. (SInv)
You cover ground extremely quickly. (Speed+++)


Message History

The ball python hisses angrily.
An endoplasm comes into view.
An endoplasm comes into view.
The ball python completely misses you. The ball python grabs you.
The ball python constricts you.
You escape the ball python's grasp.
The ball python barely misses you. x2
You hit the ball python.
The ball python is severely wounded.
The ball python misses you. The ball python barely misses you.
You barely miss the ball python.
The ball python is severely wounded.
The ball python misses you. The ball python grabs you.
The ball python constricts you.
You hit the ball python.
You kill the ball python!
You hit the endoplasm.
The endoplasm is moderately wounded.
The endoplasm barely misses you.
You hit the endoplasm but do no damage.
The endoplasm is moderately wounded.
The endoplasm freezes you.
You are frozen.
Ouch! That really hurt!
You are too injured to fight recklessly!
You are too injured to fight recklessly!
You are too injured to fight recklessly!
You hit the endoplasm.
The endoplasm is heavily wounded.
The endoplasm freezes you.
You are frozen.
You completely miss the endoplasm.
The endoplasm is heavily wounded.
The endoplasm barely misses you.
You hit the endoplasm.
The endoplasm is almost dead.
The endoplasm freezes you.
You are frozen.
Ouch! That really hurt!
You die...

....#. ..# #
##........# .##
.....#.#..##..#
....#........#
#..#.#...#..#
...........#
#########.#.#.#.##.#
.......@J.#!........
#########.....#..###
#.##..#..... #########
#...........
........######........
...........###....###.
.⌠...⌠................
........⌠...##...#....
...≈.........##..#..#.


You could see an endoplasm.

Vanquished Creatures
  A ball python (D:1)
1 creature vanquished.

Notes
Turn   | Place    | Note
-------+----------+-------------------------------------------
     0 | D:1      | Kass the Spriggan Enchanter began the quest for the Orb.
     0 | D:1      | Reached XP level 1. HP: 9/9 MP: 5/5
    37 | D:1      | Frozen to death by an endoplasm

Illustrated notes

Levels and vault maps discovered:
D:1:      dpeg_arrival_stone_temple_mockup, layout_basic,
          hellmonk_ecumenical_altar_run_dry, grunt_decor_resistance

Action                     || total
---------------------------++-------
  Melee: Dagger            ||     8
  Dodge: Dodged            ||     8
